Map: Goldenaura LE

Players

Acedia

  • Race: Zerg Zerg
  • League: Diamond
  • Spawn Location: 12:00

SubN - Winner!

  • Race: Zerg Zerg
  • League: Diamond
  • Spawn Location: 5:00

VOD

Have the link to the VOD?

Description

Time

  • Played on: Jan. 20, 2024, 3:16 p.m.
  • Length: 11:07
Show
View Real Time Build Order
Export as new Build Order

Acedia Zerg 

Build Orders: Hatch First 

Get SALT Encoding   

  12  0:00  Drone  
  13  0:14  Overlord  
  13  0:19  Drone  
  14  0:33  Drone x2  
  16  0:36  Drone  
  17  0:47  Drone  
  18  0:51  Extractor  
  17  0:58  Drone  
  18  1:08  Drone  
  18  1:09  Hatchery  
  18  1:22  Spawning Pool  
  18  1:23  Drone  
  18  1:30  Drone  
  19  1:41  Drone  
  20  1:52  Hatchery  
  19  2:09  Metabolic Boost  
  19  2:10  Queen  
  19  2:12  Zergling x2  
  22  2:22  Queen  
  22  2:26  Drone  
  25  2:37  Drone x3  
  28  2:45  Baneling Nest  
  28  2:49  Overlord  
  27  2:54  Zergling x2  
  28  3:02  Overlord  
  28  3:04  Drone  
  29  3:07  Drone  
  29  3:08  Drone  
  30  3:20  Drone x4  
  34  3:36  Evolution Chamber  
  33  3:42  Evolution Chamber  
  33  3:47  Roach Warren  
  33  3:48  Drone x5  
  37  3:50  Zergling x2  
  37  3:51  Zergling x2  
  39  4:01  Lair  
  39  4:04  Extractor, Zerg Missile Weapons Level 1  
  39  4:05  Extractor  
  37  4:11  Drone x3  
  37  4:14  Baneling x2  
  37  4:16  Zergling x4  
  42  4:24  Drone x4  
  45  4:29  Drone x2  
  45  4:30  Drone  
  49  4:33  Drone  
  50  4:44  Overlord x2  
  50  4:46  Overlord  
  48  5:07  Drone x2  
  48  5:08  Drone  
  48  5:10  Drone x3  
  48  5:14  Glial Reconstitution  
  54  5:15  Overlord, Roach  
  54  5:16  Roach x4  
  64  5:28  Evolution Chamber  
  63  5:32  Queen  
  63  5:34  Overlord  
  63  5:35  Roach x3  
  71  5:36  Roach  
  71  5:39  Extractor  
  72  5:47  Roach x5  
  72  5:49  Overlord  
  82  5:54  Roach x2  
  86  6:00  Zerg Missile Weapons Level 2  
  86  6:03  Zerg Ground Armor Level 1  
  86  6:11  Roach x3  
  92  6:22  Overlord x2  
  92  6:23  Overlord x2  
  90  6:45  Roach  
  90  6:46  Roach x7  
  104  6:48  Overlord x2  
  92  7:03  Roach x2  
  92  7:04  Roach x5  
  106  7:12  Spire  
  106  7:14  Extractor  
  100  7:16  Extractor  
  97  7:26  Roach x5  
  101  7:35  Drone x6  
  97  7:38  Drone  
  97  7:39  Drone  
  99  7:54  Drone x6  
  99  7:55  Drone x3  
  108  8:02  Zerg Ground Armor Level 2  
  108  8:19  Hatchery  
  107  8:25  Mutalisk  
  109  8:28  Mutalisk x5  
  109  8:32  Mutalisk  
  121  8:40  Mutalisk x3  
  125  8:52  Mutalisk  
  125  8:53  Mutalisk  
  129  8:59  Infestation Pit  
  128  9:05  Drone  
  128  9:06  Overlord x2  
  128  9:07  Overlord x4  
  129  9:16  Mutalisk x3  
  129  9:24  Drone  
  129  9:25  Drone x8  
  138  9:48  Roach x3  
  138  9:49  Roach x6  
  156  9:53  Hive  
  156  9:55  Queen  
  156  9:57  Extractor  
  156  9:58  Extractor  
  156  10:04  Hydralisk Den  
  153  10:10  Roach  
  153  10:11  Roach x6  
  139  10:26  Roach x4  
  139  10:27  Roach x4  
  136  10:31  Queen  
  120  10:36  Roach x5  
  120  10:41  Drone x2  
Show
View Real Time Build Order
Export as new Build Order

SubN Zerg - Winner!

Build Orders: Hatch First 

Get SALT Encoding   

  12  0:00  Drone  
  13  0:12  Overlord  
  13  0:18  Drone  
  14  0:30  Drone x2  
  16  0:49  Hatchery  
  15  0:51  Drone  
  15  0:55  Drone  
  17  0:59  Drone  
  18  1:05  Extractor  
  17  1:15  Spawning Pool  
  17  1:18  Drone  
  17  1:21  Drone  
  18  1:27  Drone  
  19  1:38  Overlord  
  19  1:48  Drone  
  20  1:59  Drone  
  21  2:01  Queen  
  21  2:02  Queen  
  21  2:04  Drone  
  26  2:10  Drone  
  26  2:12  Drone  
  26  2:13  Metabolic Boost  
  28  2:20  Drone  
  30  2:22  Drone  
  30  2:31  Drone  
  30  2:35  Drone  
  32  2:44  Zergling x4  
  34  2:53  Drone  
  35  2:58  Roach Warren  
  34  3:07  Drone  
  34  3:08  Drone  
  34  3:10  Overlord  
  34  3:12  Overlord  
  36  3:21  Extractor  
  36  3:22  Overlord, Extractor  
  36  3:27  Overlord x2, Queen  
  34  3:30  Drone x2  
  38  3:37  Drone  
  38  3:39  Lair  
  39  3:42  Drone  
  39  3:47  Drone  
  41  3:49  Drone  
  41  3:50  Drone  
  41  3:53  Drone, Hatchery  
  43  4:00  Drone x4  
  47  4:05  Drone  
  47  4:08  Extractor  
  47  4:13  Drone x2  
  49  4:18  Drone  
  49  4:19  Evolution Chamber x2  
  48  4:27  Drone x3  
  48  4:30  Roach  
  53  4:41  Roach x3  
  53  4:43  Overlord  
  53  4:44  Overlord x2  
  59  4:46  Zerg Missile Weapons Level 1  
  59  4:52  Zerg Ground Armor Level 1  
  59  4:56  Glial Reconstitution  
  59  5:02  Roach  
  59  5:03  Roach x2  
  59  5:05  Roach  
  67  5:11  Overlord  
  67  5:12  Overlord  
  67  5:15  Drone  
  67  5:19  Queen  
  70  5:22  Ravager  
  70  5:23  Ravager x3  
  70  5:26  Ravager  
  75  5:29  Drone x3  
  75  5:30  Drone  
  75  5:31  Drone  
  75  5:33  Drone  
  75  5:35  Drone  
  82  5:37  Drone  
  83  5:46  Ravager x2  
  83  5:47  Roach  
  83  5:48  Roach x2  
  91  5:50  Drone x2  
  91  5:54  Drone x3  
  96  5:58  Drone x2  
  96  5:59  Drone, Extractor  
  96  6:02  Drone x2  
  100  6:23  Drone x3  
  103  6:26  Drone, Roach  
  103  6:27  Extractor  
  103  6:28  Overlord x3  
  103  6:29  Overlord  
  105  6:36  Drone  
  102  6:40  Infestation Pit  
  102  6:46  Roach x4  
  102  6:47  Roach x5  
  108  6:55  Roach x5  
  108  6:56  Hatchery  
  106  7:03  Roach  
  106  7:04  Roach x3  
  105  7:09  Roach  
  105  7:10  Roach  
  105  7:13  Roach  
  105  7:14  Queen  
  107  7:15  Roach  
  107  7:16  Roach  
  105  7:25  Roach x5  
  110  7:31  Roach  
  112  7:37  Overseer  
  112  7:38  Roach  
  112  7:39  Roach x3  
  112  7:40  Drone  
  121  7:48  Drone  
  121  7:49  Drone  
  121  7:50  Drone x3  
  126  7:52  Queen  
  126  7:53  Zerg Missile Weapons Level 2  
  126  7:54  Zerg Ground Armor Level 2  
  126  7:56  Drone x3  
  131  8:11  Hydralisk Den  
  130  8:14  Zergling x2  
  130  8:16  Roach  
  130  8:17  Roach x5  
  130  8:18  Overlord  
  130  8:19  Overlord x2  
  143  8:24  Overlord x3  
  139  8:45  Roach  
  139  8:46  Roach x11  
  159  8:51  Ravager x2  
  159  8:52  Ravager x5  
  166  8:59  Queen  
  166  9:01  Drone x5  
  173  9:13  Roach x6  
  173  9:16  Extractor  
  182  9:19  Extractor  
  182  9:22  Overlord x4  
  181  9:25  Spore Crawler  
  181  9:27  Spore Crawler  
  181  9:28  Spore Crawler x2  
  181  9:30  Spore Crawler  
  175  9:31  Overlord  
  175  9:32  Overlord  
  175  9:44  Hydralisk  
  175  9:45  Hydralisk x5  
  177  9:52  Hydralisk x2  
  189  9:58  Spore Crawler  
  189  9:59  Muscular Augments  
  190  10:00  Spore Crawler  
  187  10:21  Hatchery  
  157  10:36  Hydralisk x3, Roach  
  157  10:37  Hydralisk x5  
  153  11:04  Spore Crawler x2  
Tags
 
Add a new tag
Caveats
  • Supply blocks, unpowered buildings, or Contaminate may cause inaccurate times.
  • Supply counts are checked every 10 seconds.